 Dungeon Crawl Stone Soup version 0.29.0-4-gdea44cf6ec (webtiles) character file.

Game seed: 3382774744768325982

3400 qw the Cleaver (level 9, -4/81 HPs)
             Began as a Minotaur Berserker on Sept 6, 2022.
             Was an Elder of Trog.
             Killed from afar by an acid dragon (24 damage)
             ... with a splash of acid
             ... on level 8 of the Dungeon.
             The game lasted 00:03:18 (9967 turns).

qw the Cleaver (Minotaur Berserker)                 Turns: 9967, Time: 00:03:19

Health: -4/81      AC: 12    Str: 25    XL:     9   Next: 75%
Magic:  8/8        EV: 13    Int:  4    God:    Trog [****..]
Gold:   247        SH:  0    Dex: 11    Spells: 8/8 levels left

rFire   . . .      SeeInvis +   Y - +0 hand axe
rCold   . . .      Faith    .   (no shield)
rNeg    . . .      Spirit   .   m - +0 chain mail
rPois   .          Reflect  .   (helmet restricted)
rElec   .          Harm     .   (no cloak)
rCorr   .          Rampage  .   b - +0 pair of gloves
Will    .....                   o - +0 pair of boots
Stlth   ..........              (no amulet)
HPRegen 0.23/turn               e - ring of see invisible
MPRegen 0.11/turn               i - +4 ring of evasion

@: about to teleport
A: horns 2, retaliatory headbutt
a: Renounce Religion, Berserk, Trog's Hand, Brothers in Arms


You were on level 8 of the Dungeon.
You worshipped Trog.
Trog was greatly pleased with you.
You visited 1 branch of the dungeon, and saw 8 of its levels.
You also visited: Sewer.

You collected 300 gold pieces.
You spent 53 gold pieces at shops.


Innate Abilities, Weirdness & Mutations

You have a pair of horns on your head.
You reflexively headbutt those who attack you in melee.


   Skills:
 - Level 8.2 Fighting
 - Level 14.1 Axes
 - Level 1.2 Throwing
 + Level 5.2 Armour
 - Level 3.0 Dodging


You had 8 spell levels left.
You didn't know any spells.
Your spell library was empty.

Inventory:

Hand Weapons
 c - a +0 morningstar
 Y - a +0 hand axe (weapon)
Armour
 b - a +0 pair of gloves (worn)
 m - a +0 chain mail (worn)
 o - a +0 pair of boots (worn)
Jewellery
 e - a ring of see invisible (left hand)
 i - a +4 ring of evasion (right hand)
Scrolls
 d - 3 scrolls of teleportation
 f - 5 scrolls of identify
Potions
 a - 3 potions of curing
 g - 2 potions of haste
 j - a potion of mutation
 l - 3 potions of might
 n - a potion of resistance

Dungeon Overview and Level Annotations

Branches:
Dungeon (8/15)             Temple (0/1) D:7           Sewer (visited)
   Lair: D:8-11

Altars:
Dithmenos
Nemelex Xobeh
Qazlal
Sif Muna
Yredelemnul

Shops:
D:1 :   D:3 *   D:4 :[:

Annotations:
D:6 1 runed translucent door, Crazy Yiuf


Message History

An orc wizard is nearby!
The orc wizard casts a spell at you.
The puff of flame hits you but does no damage.
An acid dragon comes into view.
Items here: %% )))) [[.
The acid dragon roars!
You hit the orc wizard but do no damage.
You headbutt the orc wizard.
The orc wizard is moderately wounded.
The orc wizard closely misses you. You furiously retaliate!
You headbutt the orc wizard! You slash the orc wizard!
You kill the orc wizard!
Trog accepts your kill.
Trog appreciates your killing of a magic user.
9957 ||| Stepping ~*~*~tactically~*~*~ (hiding).
You start waiting.
An acid dragon is nearby!
An orc comes into view. It is wielding a +0 whip.
The orc shouts!
The acid dragon bites you! The acid dragon barely misses you.
Items here: %% )))) [[.
You barely miss the acid dragon. The acid dragon spits acid at you.
The splash of acid hits you!!
You hear a shout!
You hear a howl!
You barely miss the acid dragon. The acid dragon bites you!
The acid dragon closely misses you.
You barely miss the acid dragon. Your headbutt misses the acid dragon.
You slash the acid dragon! You headbutt the acid dragon.
The acid dragon is severely wounded.
The acid dragon spits acid at you. The splash of acid hits you!!
You hear an angry hiss.
You hear a howl! x2
9967 ||| READING 4 scrolls of teleportation.
As you read the scroll of teleportation, it crumbles to dust.
You feel strangely unstable. The acid dragon spits acid at you.
The splash of acid hits you!!
You die...

......# #..#..# .#
#..... .# #..#.# .#
#..#.#####.###
#............
#.##.#####.######
##.##.............
#...........@...#
#...###...<##D.$....
........#### o..###.
......... .....
##...##### .##.## #
<. .# .# # ..


You could see an acid dragon (catching breath) and an orc.

Vanquished Creatures
  Sigmund (D:5)
  Eustachio (D:6)
  Duvessa (D:5)
  4 black bears
  2 ice beasts (D:5)
  3 orc warriors
  A sky beast (D:4)
  2 ogres
  A centaur (D:7)
  Blork the orc (D:6)
  A bullfrog (D:6)
  A necrophage (D:6)
  A scorpion (D:4)
  7 wights
  Dowan (D:5)
  4 jellies
  6 hounds
  2 gnoll boudas
  6 orc priests
  2 iguanas
  5 orc wizards
  Ijyb (D:5)
  10 gnolls
  11 adders
  A river rat (Sewer)
  2 shadow imps
  3 worms
  8 dart slugs
  44 orcs
  21 endoplasms
  7 giant cockroaches
  6 goblins
  7 hobgoblins
  3 jackals (D:2)
  5 kobolds
  3 quokkas
  12 ball pythons
  3 bats
  6 frilled lizards
  A goblin zombie (D:7)
  A quokka zombie (D:7)
  8 rats
216 creatures vanquished.

Notes
Turn   | Place    | Note
-------+----------+-------------------------------------------
     0 | D:1      | qw the Minotaur Berserker began the quest for the Orb.
     0 | D:1      | Reached XP level 1. HP: 19/19 MP: 0/0
     0 | D:1      | 0 ||| qw: Version: 0.1-a-108-g9e35731
     0 | D:1      | 0 ||| qw: Game counter: 6261
     0 | D:1      | 0 ||| qw: Always use a shield: true
     0 | D:1      | 0 ||| qw: Do Orc after D:15 true
     0 | D:1      | 0 ||| qw: Do second Lair branch before Depths: true
     0 | D:1      | 0 ||| qw: Lair rune preference: random
     0 | D:1      | 0 ||| qw: Plans: Normal
     0 | D:1      | 0 ||| PLANNING D:1-11
   106 | D:1      | 106 ||| Stepping ~*~*~tactically~*~*~ (stealth).
   108 | D:1      | 108 ||| Stepping ~*~*~tactically~*~*~ (stealth).
   115 | D:1      | Reached skill level 4 in Axes
   260 | D:1      | Found Ocair's Book Shoppe.
   270 | D:1      | Reached XP level 2. HP: 26/26 MP: 1/1
   403 | D:1      | 403 ||| INVOKING Berserk.
   448 | D:1      | 448 ||| DROPPING +0 club.
   619 | D:1      | Reached skill level 5 in Axes
   799 | D:1      | 799 ||| Stepping ~*~*~tactically~*~*~ (hiding).
   901 | D:1      | 901 ||| Stepping ~*~*~tactically~*~*~ (hiding).
  1003 | D:1      | 1003 ||| Stepping ~*~*~tactically~*~*~ (hiding).
  1048 | D:1      | Reached XP level 3. HP: 30/31 MP: 2/2
  1577 | D:1      | 1577 ||| UPGRADING to +0 scale mail.
  1587 | D:1      | 1587 ||| DROPPING +0 animal skin.
  1588 | D:1      | 1588 ||| UPGRADING to +0 chain mail.
  1598 | D:1      | 1598 ||| DROPPING +0 scale mail.
  1599 | D:1      | 1599 ||| READING scroll labelled QEGREU POKKO.
  1600 | D:1      | 1600 ||| READING 3 scrolls labelled BOLEIGGEOKI.
  1604 | D:1      | 1604 ||| READING 4 scrolls labelled GAHOICI KYQI.
  1605 | D:1      | 1605 ||| READING 3 scrolls of identify.
  1605 | D:1      | 1605 ||| IDENTIFYING fizzy green potion
  1606 | D:1      | 1606 ||| READING 2 scrolls of identify.
  1606 | D:1      | 1606 ||| IDENTIFYING green potion
  1607 | D:1      | 1607 ||| DROPPING potion of degeneration.
  2401 | D:2      | Reached ** piety under Trog
  2408 | D:2      | Reached XP level 4. HP: 32/39 MP: 3/3
  2548 | D:2      | Reached skill level 1 in Throwing
  2630 | D:2      | 2630 ||| UPGRADING to ring of see invisible.
  2631 | D:2      | 2631 ||| READING 2 scrolls labelled WANYATI ONTERU.
  2769 | D:2      | 2769 ||| READING scroll labelled EBREAM OSHUQE.
  2770 | D:2      | 2770 ||| DRINKING 3 smoky purple potions.
  2771 | D:2      | 2771 ||| READING 2 scrolls of identify.
  2771 | D:2      | 2771 ||| IDENTIFYING viscous puce potion
  2772 | D:2      | 2772 ||| DROPPING scroll of torment.
  2773 | D:2      | 2773 ||| DROPPING potion of magic.
  2774 | D:2      | 2774 ||| DROPPING 2 potions of invisibility.
  2775 | D:2      | 2775 ||| READING 3 scrolls of teleportation.
  2810 | D:3      | Found Vekleipn's Assorted Antiques.
  2826 | D:3      | 2826 ||| SHOPLISTING glowing gilded ring (140 gold, have
                  | 70).
  2826 | D:3      | 2826 ||| SHOPLISTING potion of heal wounds (140 gold, have
                  | 70).
  2826 | D:3      | 2826 ||| BUYING red potion (25 gold).
  2826 | D:3      | Bought a red potion for 25 gold pieces
  2826 | D:3      | 2826 ||| BUYING scroll labelled RAINGAIKHLA (28 gold).
  2826 | D:3      | Bought a scroll labelled RAINGAIKHLA for 28 gold pieces
  2826 | D:3      | 2826 ||| SHOPLISTING scroll labelled SAUNIAV XOTA EFUDI (28
                  | gold, have 17).
  2826 | D:3      | 2826 ||| SHOPLISTING scroll of identify (56 gold, have 17).
  2921 | D:3      | Found a faded altar of an unknown god.
  2979 | D:3      | 2979 ||| Stepping ~*~*~tactically~*~*~ (stealth).
  3227 | D:3      | 3227 ||| DROPPING orb of mayhem.
  3228 | D:3      | 3228 ||| UPGRADING to +0 pair of boots.
  3233 | D:3      | 3233 ||| READING scroll labelled RAINGAIKHLA.
  3234 | D:3      | 3234 ||| READING 3 scrolls of identify.
  3234 | D:3      | 3234 ||| IDENTIFYING red potion
  3235 | D:3      | 3235 ||| READING 2 scrolls of identify.
  3235 | D:3      | 3235 ||| IDENTIFYING puce potion
  3255 | D:4      | Reached skill level 6 in Axes
  3260 | D:4      | 3260 ||| Stepping ~*~*~tactically~*~*~ (stealth).
  3264 | D:4      | 3264 ||| Stepping ~*~*~tactically~*~*~ (stealth).
  3433 | D:4      | 3433 ||| Stepping ~*~*~tactically~*~*~ (hiding).
  3442 | D:4      | 3442 ||| Stepping ~*~*~tactically~*~*~ (stealth).
  3447 | D:4      | Reached XP level 5. HP: 45/45 MP: 4/4
  3466 | D:4      | Reached skill level 7 in Axes
  3536 | D:4      | 3536 ||| Stepping ~*~*~tactically~*~*~ (stealth).
  3537 | D:4      | Noticed a sky beast
  3541 | D:4      | 3541 ||| READING 3 scrolls of teleportation.
  3586 | D:4      | 3586 ||| READING 2 scrolls of teleportation.
  3598 | D:4      | Killed a sky beast
  3599 | D:4      | Reached XP level 6. HP: 37/56 MP: 5/5
  3709 | D:4      | 3709 ||| READING scroll of teleportation.
  3713 | D:4      | 3713 ||| Stepping ~*~*~tactically~*~*~ (hiding).
  3747 | D:4      | 3747 ||| DROPPING +0 whip.
  3759 | D:4      | 3759 ||| DROPPING +0 flail.
  3795 | D:4      | 3795 ||| Stepping ~*~*~tactically~*~*~ (hiding).
  3796 | D:4      | 3796 ||| Stepping ~*~*~tactically~*~*~ (hiding).
  3799 | D:4      | 3799 ||| INVOKING Berserk.
  3808 | D:4      | Reached *** piety under Trog
  3906 | D:4      | 3906 ||| Stepping ~*~*~tactically~*~*~ (hiding).
  3907 | D:4      | 3907 ||| Stepping ~*~*~tactically~*~*~ (hiding).
  4103 | D:4      | 4103 ||| Stepping ~*~*~tactically~*~*~ (stealth).
  4144 | D:4      | 4144 ||| Stepping ~*~*~tactically~*~*~ (stealth).
  4145 | D:4      | 4145 ||| Stepping ~*~*~tactically~*~*~ (stealth).
  4254 | D:4      | Found Dutug's Antique Armour Shoppe.
  4279 | D:4      | 4279 ||| SHOPLISTING glowing buckler (157 gold, have 113).
  4279 | D:4      | 4279 ||| SHOPLISTING pair of heavily runed boots (199 gold,
                  | have 113).
  4338 | D:4      | Found Uvvaysma's Book Emporium.
  4431 | D:4      | Found Ohece's Book Boutique.
  4439 | D:4      | Reached skill level 8 in Axes
  4443 | D:4      | 4443 ||| DROPPING ring of flight.
  4444 | D:4      | 4444 ||| DRINKING 2 lumpy brown potions.
  4445 | D:4      | 4445 ||| DROPPING potion of attraction.
  4476 | D:5      | Entered Level 5 of the Dungeon
  4656 | D:5      | 4656 ||| Stepping ~*~*~tactically~*~*~ (stealth).
  4706 | D:5      | Noticed Ijyb
  4707 | D:5      | 4707 ||| Stepping ~*~*~tactically~*~*~ (stealth).
  4711 | D:5      | 4711 ||| Stepping ~*~*~tactically~*~*~ (stealth).
  4717 | D:5      | 4717 ||| INVOKING Berserk.
  4721 | D:5      | Reached XP level 7. HP: 61/61 MP: 6/6
  4723 | D:5      | Killed Ijyb
  4724 | D:5      | Reached skill level 9 in Axes
  4851 | D:5      | Noticed Dowan
  4852 | D:5      | Noticed Duvessa
  4855 | D:5      | 4855 ||| INVOKING Berserk.
  4864 | D:5      | Killed Duvessa
  4865 | D:5      | Reached skill level 3 in Armour
  4871 | D:5      | Killed Dowan
  4978 | D:5      | 4978 ||| Stepping ~*~*~tactically~*~*~ (stealth).
  5002 | D:5      | 5002 ||| INVOKING Berserk.
  5039 | D:5      | 5039 ||| Stepping ~*~*~tactically~*~*~ (stealth).
  5047 | D:5      | Reached skill level 10 in Axes
  5166 | D:5      | Noticed Sigmund
  5169 | D:5      | 5169 ||| DRINKING 3 potions of curing.
  5169 | D:5      | 5169 ||| (to cure confusion)
  5171 | D:5      | 5171 ||| INVOKING Berserk.
  5177 | D:5      | Killed Sigmund
  5178 | D:5      | Reached skill level 6 in Fighting
  5178 | D:5      | Reached XP level 8. HP: 71/71 MP: 7/7
  5799 | D:5      | Reached skill level 11 in Axes
  5981 | D:5      | 5981 ||| INVOKING Berserk.
  6306 | D:5      | 6306 ||| UPGRADING to +0 pair of gloves.
  6311 | D:5      | 6311 ||| READING 4 scrolls of identify.
  6311 | D:5      | 6311 ||| IDENTIFYING sedimented green potion
  6312 | D:5      | 6312 ||| READING 3 scrolls of identify.
  6312 | D:5      | 6312 ||| IDENTIFYING coppery potion
  6313 | D:5      | 6313 ||| READING 2 scrolls of identify.
  6313 | D:5      | 6313 ||| IDENTIFYING pink potion
  6329 | D:6      | 6329 ||| PLANNING SEWER
  6350 | D:6      | 6350 ||| Stepping ~*~*~tactically~*~*~ (hiding).
  6354 | D:6      | 6354 ||| INVOKING Berserk.
  6369 | D:6      | Reached skill level 12 in Axes
  6495 | D:6      | 6495 ||| INVOKING Berserk.
  6663 | D:6      | Found a basalt altar of Yredelemnul.
  6694 | D:6      | Found a glowing drain.
  6703 | Sewer    | Entered a sewer
  6864 | Sewer    | 6864 ||| Stepping ~*~*~tactically~*~*~ (water).
  6871 | Sewer    | Reached **** piety under Trog
  6896 | Sewer    | 6896 ||| Stepping ~*~*~tactically~*~*~ (water).
  6950 | Sewer    | 6950 ||| INVOKING Berserk.
  7077 | Sewer    | 7077 ||| INVOKING Berserk.
  7189 | Sewer    | Found a viscous altar of Jiyva.
  7242 | Sewer    | 7242 ||| READING scroll labelled YXUGGOTOOBB.
  7264 | D:6      | 7264 ||| PLANNING D:1-11
  7282 | D:6      | 7282 ||| INVOKING Berserk.
  7286 | D:6      | Reached XP level 9. HP: 57/79 MP: 8/8
  7330 | D:6      | HP: 13/79 [vampire mosquito (7)]
  7330 | D:6      | HP: 5/79 [vampire mosquito (8)]
  7331 | D:6      | 7331 ||| READING 3 scrolls of teleportation.
  7331 | D:6      | HP: 2/79 [vampire mosquito (3)]
  7332 | D:6      | 7332 ||| DRINKING 2 potions of heal wounds.
  7333 | D:6      | 7333 ||| DRINKING potion of heal wounds.
  7334 | D:6      | 7334 ||| INVOKING Berserk.
  7597 | D:6      | 7597 ||| INVOKING Berserk.
  7825 | D:6      | 7825 ||| INVOKING Berserk.
  7979 | D:6      | Noticed Eustachio
  7980 | D:6      | 7980 ||| Stepping ~*~*~tactically~*~*~ (hiding).
  7981 | D:6      | 7981 ||| INVOKING Berserk.
  7992 | D:6      | Killed Eustachio
  7993 | D:6      | Reached skill level 13 in Axes
  8177 | D:6      | Found a runed translucent door.
  8178 | D:6      | Noticed Crazy Yiuf
  8231 | D:6      | 8231 ||| INVOKING Berserk.
  8535 | D:6      | Noticed Blork the orc
  8540 | D:6      | 8540 ||| INVOKING Berserk.
  8544 | D:6      | Killed Blork the orc
  8768 | D:6      | 8768 ||| UPGRADING to +4 ring of evasion.
  8769 | D:6      | 8769 ||| READING scroll labelled ITHRU AGGIOXAG.
  8791 | D:7      | 8791 ||| PLANNING OSSUARY
  8810 | D:7      | 8810 ||| FLEEEEING.
  8811 | D:7      | 8811 ||| FLEEEEING.
  8812 | D:7      | 8812 ||| FLEEEEING.
  8813 | D:7      | 8813 ||| FLEEEEING.
  8814 | D:7      | 8814 ||| FLEEEEING.
  8822 | D:7      | 8822 ||| INVOKING Berserk.
  8958 | D:7      | Found a staircase to the Ecumenical Temple.
  8965 | D:7      | 8965 ||| INVOKING Berserk.
  8982 | D:7      | Reached skill level 3 in Dodging
  9229 | D:7      | 9229 ||| Stepping ~*~*~tactically~*~*~ (hiding).
  9258 | D:7      | Found a shadowy altar of Dithmenos.
  9259 | D:7      | Found a stormy altar of Qazlal.
  9270 | D:7      | Found a shimmering blue altar of Sif Muna.
  9271 | D:7      | Found a sparkling altar of Nemelex Xobeh.
  9332 | D:7      | 9332 ||| INVOKING Berserk.
  9411 | D:7      | 9411 ||| RIP OSSUARY
  9449 | D:7      | 9449 ||| PLANNING D:1-11
  9485 | D:7      | 9485 ||| Stepping ~*~*~tactically~*~*~ (hiding).
  9491 | D:7      | 9491 ||| INVOKING Berserk.
  9501 | D:7      | Reached skill level 14 in Axes
  9936 | D:8      | 9936 ||| Stepping ~*~*~tactically~*~*~ (stealth).
  9947 | D:8      | 9947 ||| Stepping ~*~*~tactically~*~*~ (stealth).
  9949 | D:8      | 9949 ||| Stepping ~*~*~tactically~*~*~ (hiding).
  9957 | D:8      | 9957 ||| Stepping ~*~*~tactically~*~*~ (hiding).
  9966 | D:8      | HP: 20/81 [acid dragon/splash of acid (22)]
  9967 | D:8      | 9967 ||| READING 4 scrolls of teleportation.
  9967 | D:8      | Killed from afar by an acid dragon

Levels and vault maps discovered:
D:1:      mrwooster_arrival_statue_2, layout_basic, serial_shops, shop_fountains
D:2:      layout_loops_corners
D:3:      layout_rooms, hellmonk_ecumenical_altar_blasted, serial_shops,
          nicolae_shop_statue_plus
D:4:      minmay_clustersquares, layout_loops_cross, serial_shops,
          nicolae_lakefront_shop, nicolae_shop_trees, shop,
          minmay_misc_feat_more_columns
D:5:      layout_basic, uniq_sigmund, uniq_ijyb, uniq_duvessa
D:6:      layout_cave_pods, general_overflow_altar,
          cheibrodos_sewer_entry_sluice, uniq_crazy_yiuf_cottage,
          uniq_eustachio, uniq_blork_the_orc
D:7:      layout_gridville, chequers_temple_overflow_statue_of_worship,
          minmay_temple_entry_large_hall, enter_ossuary_4
D:8:      layout_basic, serial_shops, nicolae_shop_competitors_out_of_business,
          nicolae_diamond_shop, minmay_chambers_of_fives

Skill      XL: |  1  2  3  4  5  6  7  8  9 |
---------------+----------------------------+-----
Axes           | 4 5 6 7 8 10 12 14 | 14.1
Throwing       | 1 |  1.2
Fighting       | 5 6 7 8 |  8.2
Armour         | 3 5 |  5.2
Dodging        | 3 |  3.0

Action                   |  1- 3 |  4- 6 |  7- 9 || total
-------------------------+-------+-------+-------++-------
Melee: Hand axe          |    92 |   122 |   312 ||   526
       Headbutt          |     6 |    24 |    69 ||    99
       Punch             |     1 |       |     4 ||     5
Throw: Javelin           |     5 |    26 |       ||    31
       Boomerang         |       |       |    24 ||    24
Invok: Berserk           |     1 |     2 |    19 ||    22
  Use: Scroll            |     5 |    10 |     7 ||    22
       Potion            |       |     2 |     3 ||     5
Armor: Animal skin       |    11 |       |       ||    11
       Chain mail        |    15 |    59 |    90 ||   164
Dodge: Dodged            |    46 |    27 |    93 ||   166

Table legend:
 A = Non-vault XP
 B = Vault XP
 C = Vault XP percentage of total XP
 D = Non-vault monster count
 E = Vault monster count
 F = Vault count percentage of total count
                 A         B        C        D         E       F
            +---------+---------+-------+---------+---------+-------
      Total |    3599 |    1259 |  25.9 |     168 |      48 |  22.2
            +---------+---------+-------+---------+---------+-------
        D:1 |      63 |       0 |   0.0 |      28 |       0 |   0.0
        D:2 |      47 |       0 |   0.0 |      14 |       0 |   0.0
        D:3 |      15 |       0 |   0.0 |      10 |       0 |   0.0
        D:4 |     223 |     236 |  51.4 |      33 |      10 |  23.3
        D:5 |    1054 |     493 |  31.9 |      19 |       4 |  17.4
        D:6 |    1090 |     305 |  21.9 |      30 |       4 |  11.8
        D:7 |    1058 |       2 |   0.2 |      29 |       2 |   6.5
        D:8 |      49 |       0 |   0.0 |       5 |       0 |   0.0
      Sewer |       0 |     223 | 100.0 |       0 |      28 | 100.0
            +---------+---------+-------+---------+---------+-------
